 Dungeon Crawl Stone Soup version 0.16.1-51-g6203257 (webtiles) character file.

112 Miyamura the Chucker (level 4, -1/44 HPs)
             Began as a Troll Hunter on Aug 2, 2015.
             Slain by Sigmund
             ... wielding a +0 scythe
              (8 damage)
             ... on level 3 of the Dungeon.
             The game lasted 00:05:23 (1991 turns).

Miyamura the Chucker (Troll Hunter)                 Turns: 1991, Time: 00:05:24

Health: -1/44      AC:  5    Str: 21    XL:     4   Next: 64%
Magic:  2/2        EV: 12    Int:  7    God:
Gold:   137        SH:  0    Dex: 10    Spells: 0 memorised, 3 levels left

rFire  . . .     SeeInvis .       - Unarmed
rCold  . . .     Clarity  .     d - +0 animal skin
rNeg   . . .     SustAb   .     (shield restricted)
rPois  .         Gourm    +     (helmet restricted)
rElec  .         Spirit   .     (no cloak)
rCorr  .         Warding  .     (gloves unavailable)
rMut   .         Stasis   .     (boots unavailable)
MR     .....                    (no amulet)
Stlth  +.........               (no ring)
                                g - +2 ring of evasion

@: confused, not resistant to hostile enchantments, very unstealthy
A: unfitting armour, claws 3, fast metabolism 3, gourmand, regeneration 2,
shaggy fur 1, tough skin 2
a: no special abilities


You were on level 3 of the Dungeon.
You were full.

You visited 1 branch of the dungeon, and saw 3 of its levels.

You collected 137 gold pieces.

Inventory:

Hand weapons
 o - a +0 mace
Missiles
 b - 3 large rocks (quivered)
 c - 2 throwing nets
Armour
 d - a +0 animal skin (worn)
 p - a +0 shield
Jewellery
 g - a +2 ring of evasion (left claw)
Scrolls
 a - 2 scrolls of remove curse
Potions
 e - a potion of haste {unknown}
 h - 3 potions of restore abilities
 i - a potion of magic {unknown}
 k - a potion of brilliance {unknown}
 m - a potion of ambrosia {unknown}
 n - 3 potions of curing
Comestibles
 f - 2 meat rations
 j - 2 royal jellies
 l - a slice of pizza


   Skills:
 + Level 2.5 Fighting
 + Level 1.1 Maces & Flails
 + Level 4.1 Throwing
 + Level 2.1 Dodging
 - Level 0.4 Stealth
 + Level 1.5 Unarmed Combat


You had 3 spell levels left.
You didn't know any spells.

Dungeon Overview and Level Annotations

Branches:
Dungeon (3/15)

Altars:

Annotations:
D:3 Sigmund


Innate Abilities, Weirdness & Mutations

You are too large for most types of armour.
You have claws for hands.
Your metabolism is lightning-fast.
You like to eat raw meat.
You heal very quickly.
You are covered in fur (AC +1).
You have very tough skin (AC +2).


Message History

You bump into the rock wall.
Something hits you!
You are too confused!
You are too confused!
You miss something.
You hear some strange, mumbled words.
The puff of flame hits you!
You barely miss something. Something completely misses you.
You completely miss something.
You hear some strange, mumbled words.
You are more confused.
Something hits you.
You bump into the rock wall.
Something hits you! Something hits you but does no damage.
You bump into the rock wall.
You hear some strange, mumbled words.
The magic dart hits you!
* * * LOW HITPOINT WARNING * * *
Something barely misses you.
You completely miss something. Something hits you!
You die...

####.######.. #.# # #### #.#
### #... ##.####... #..
....##.......... #.#
#>..#.....##... #.####
##.#.......# #.#.. ..
...........#########.#.##.##
.###.......#....@.K#........
#......##.#####.#..#.#.#.#
.###......##.#####.#.........
.............##.......#.#.#.#
...................##.K.....
#####...###.รท##.##.# .#.#.#.
#.....#........# .......
#<.##.......##.# .#(#(#
#........#####........


You could see a kobold.

Vanquished Creatures
  An orc priest (D:3)
  4 gnolls (D:3)
  A worm (D:2)
  A giant gecko (D:2)
  An ooze (D:2)
  4 orcs (D:3)
  A ball python (D:2)
  2 giant cockroaches (D:2)
  6 goblins
  3 hobgoblins
  2 kobolds (D:1)
  A quokka (D:2)
  6 bats
  A giant newt (D:1)
  2 rats
36 creatures vanquished.

Notes
Turn   | Place    | Note
--------------------------------------------------------------
     0 | D:1      | Miyamura, the Troll Hunter, began the quest for the Orb.
     0 | D:1      | Reached XP level 1. HP: 19/19 MP: 1/1
   668 | D:2      | Reached XP level 2. HP: 28/28 MP: 1/1
  1216 | D:2      | Reached XP level 3. HP: 25/35 MP: 2/2
  1697 | D:3      | Reached skill level 1 in Unarmed Combat
  1703 | D:3      | Reached XP level 4. HP: 30/44 MP: 2/2
  1776 | D:3      | Reached skill level 4 in Throwing
  1799 | D:3      | Reached skill level 1 in Maces & Flails
  1970 | D:3      | Noticed Sigmund
  1991 | D:3      | Slain by Sigmund

Action                   |  1- 3 |  4- 6 || total
-------------------------+-------+-------++-------
Melee: Unarmed           |    85 |    31 ||   116
Throw: Large rock        |       |     2 ||     2
  Use: Scroll            |     5 |     1 ||     6
       Potion            |       |     2 ||     2
  Eat: Chunk             |    11 |    10 ||    21
